 Dungeon Crawl Stone Soup version 0.31.0-32-g396128a36d (webtiles) character file.

Game seed: 13596839875484279647

517973 monsoonserge the Spry (level 25, -4/270 HPs)
             Began as a Gnoll Shapeshifter on Mar 22, 2024.
             Was the Champion of Elyvilon.
             Slain by a deep elf blademaster
             ... wielding a +0 rapier
              (21 damage)
             ... on level 3 of the Elven Halls on Mar 23, 2024.
             The game lasted 08:11:55 (78429 turns).

monsoonserge the Spry (Gnoll Shapeshifter)         Turns: 78429, Time: 08:11:56

Health: -4/270     AC:  8    Str: 37    XL:     25   Next: 21%
Magic:  18/44      EV: 17    Int: 12    God:    Elyvilon [******]
Gold:   4988       SH:  0    Dex: 15    Spells: 19/58 levels left

rFire   + .          .
                       - Unarmed
rCold   + . .        w - melded +2 shield of Resistance {rF++ rC++ Will++}
rNeg    + . .        (body armour currently unavailable)
rPois   +            K - melded +2 helmet {Int+3}
rElec   +            N - melded scarf {+Inv}
rCorr   .            F - melded +0 pair of gloves
SInv    .            S - melded +2 pair of boots
Will    +....        R - amulet of regeneration
Stlth   +++++++      j - ring of Xurad {Ice +Blink rElec Str+7 Slay-5}
HPRegen 1.45/turn    q - ring "Wish" {rC+ rN+}
MPRegen 0.29/turn

%: no passive effects
@: about to teleport, dragon-form, corroded, flying, studying 2 skills
A: dragon claw, dragon scales, breathe fire, flying, boosted hp, giant, (fangs
1), strong nose, distributed training, frail 1, screaming 1
}: 3/15 runes: decaying, serpentine, slimy
a: Breathe Fire, Begin Untransformation, Renounce Religion, Evoke Blink,
Purification, Heal Other, Heal Self, Divine Vigour


You were on level 3 of the Elven Halls.
You worshipped Elyvilon.
Elyvilon was exalted by your worship.
You were a fearsome dragon!
You visited 11 branches of the dungeon, and saw 48 of its levels.
You visited the Abyss 1 time.
You also visited: Trove and Ice Cave.

You collected 5530 gold pieces.
You spent 542 gold pieces at shops.

Inventory:

Missiles
 h - 3 throwing nets
 I - 11 javelins (quivered)
 L - 8 silver javelins
 U - 6 atropa-tipped darts
 X - 2 datura-tipped darts
 Z - 11 curare-tipped darts
Armour
 w - the +2 shield of Resistance (melded) {rF++ rC++ Will++}
   (You acquired it on level 4 of the Lair of Beasts)

   rF++:      It greatly protects you from fire.
   rC++:      It greatly protects you from cold.
   Will++:    It greatly increases your willpower.
 F - a +0 pair of gloves (melded)
 K - a +2 helmet of intelligence (melded)
 N - a scarf of invisibility (melded)
 S - a +2 pair of boots (melded)
Jewellery
 c - the ring "Boit" {rN+ Int+6 SInv}
   (You found it in a treasure trove)

   [ring of positive energy]

   Int+6:     It affects your intelligence (+6).
   rN+:       It protects you from negative energy.
   SInv:      It lets you see invisible.
 e - the ring of Salvation {^Contam rPois Will+ MP+9 Str+3}
   (You found it in a treasure trove)

   [ring of willpower]

   Str+3:     It affects your strength (+3).
   rPois:     It protects you from poison Will+: It increases your willpower.
   MP+9:      It affects your magic capacity (+9).
   ^Contam:   It causes magical contamination when unequipped.
 j - the ring of Xurad (left foreclaw) {Ice +Blink rElec Str+7 Slay-5}
   (You found it in a treasure trove)

   [ring of ice]

   Ice:       It enhances your ice magic.
   Str+7:     It affects your strength (+7).
   Slay-5:    It affects your accuracy & damage with ranged weapons and melee
   (-5).
   rF-:       It makes you vulnerable to fire.
   rC+:       It protects you from cold.
   rElec:     It insulates you from electricity.
   +Blink:    It lets you blink.
 n - an amulet of reflection
 q - the ring "Wish" (right foreclaw) {rC+ rN+}
   (You found it on level 5 of the Pits of Slime)

   [ring of protection from cold]

   rC+:       It protects you from cold.
   rN+:       It protects you from negative energy.
 z - a ring of protection from cold
 E - a ring of resist corrosion
 M - a ring of see invisible
 R - an amulet of regeneration (around neck)
 Y - a +4 ring of slaying
Talismans
 J - a maw talisman
 W - a dragon-blood talisman (active)
Wands
 d - a wand of digging (3)
 A - a wand of charming (23)
 G - a wand of roots (52)
 O - a wand of polymorph (17)
 P - a wand of mindburst (39)
 Q - a wand of light (23)
Scrolls
 k - 5 scrolls of enchant armour
 o - 7 scrolls of fog
 p - 9 scrolls of teleportation
 s - 2 scrolls of summoning
 t - 5 scrolls of blinking
 x - 4 scrolls of immolation
 C - 6 scrolls of silence
 H - 2 scrolls of revelation
 T - 8 scrolls of fear
Potions
 a - 3 potions of magic
 b - 4 potions of resistance
 f - 4 potions of cancellation
 g - 7 potions of heal wounds
 i - 4 potions of berserk rage
 m - 3 potions of haste
 u - 17 potions of might
 v - a potion of invisibility
 y - 3 potions of ambrosia
 B - 19 potions of curing
 D - 3 potions of mutation
 V - 11 potions of brilliance
Miscellaneous
 l - a lightning rod (4/4)
 r - a phial of floods


   Skills:
 + Level 17.2 Fighting
 + Level 20.3 Short Blades
 + Level 17.1 Long Blades
 + Level 17.1 Axes
 + Level 17.1 Maces & Flails
 + Level 17.1 Polearms
 + Level 17.1 Staves
 + Level 17.1 Ranged Weapons
 + Level 17.1 Throwing
 + Level 17.1 Armour
 + Level 20.7 Dodging
 + Level 17.1 Stealth
 + Level 17.1 Shields
 + Level 18.1 Unarmed Combat
 + Level 17.1 Spellcasting
 + Level 14.5 Conjurations
 + Level 14.5 Hexes
 + Level 14.5 Summonings
 + Level 14.5 Necromancy
 + Level 14.5 Translocations
 + Level 14.5 Fire Magic
 + Level 14.5 Ice Magic
 + Level 14.5 Air Magic
 + Level 14.5 Earth Magic
 + Level 14.5 Alchemy
 + Level 18.5 Invocations
 + Level 17.1 Evocations
 + Level 16.9 Shapeshifting


You had 19 spell levels left.
You knew the following spells:

 Your Spells              Type           Power      Damage    Failure   Level
a - Blink                 Tloc           90%        N/A       1%          2
b - Mephitic Cloud        Conj/Alch/Air  45%        N/A       1%          3
c - Lesser Beckoning      Tloc           90%        N/A       1%          2
d - Summon Ice Beast      Ice/Summ       61%        N/A       1%          3
e - Ignite Poison         Fire/Alch      45%        N/A       1%          4
f - Summon Lightning Spi  Summ/Air       45%        N/A       1%          4
g - Freezing Cloud        Conj/Ice/Air   30%        6-21      1%          5
h - Dispersal             Tloc           22%        N/A       2%          6
i - Summon Cactus Giant   Summ           22%        N/A       2%          6
j - Vhi's Electric Charg  Tloc/Air       90%        N/A       1%          4

Your spell library contained the following spells:

 Spells                   Type           Power      Damage    Failure   Level
 Apportation              Tloc           90%        N/A       0%          1
 Foxfire                  Conj/Fire      100%       2x1d9     0%          1
 Magic Dart               Conj           100%       1d8       0%          1
 Necrotise                Necr           100%       1d9       0%          1
 Sandblast                Erth           90%        2d19      0%          1
 Sting                    Conj/Alch      100%       1d9       0%          1
 Summon Small Mammal      Summ           100%       N/A       0%          1
 Call Imp                 Summ           90%        N/A       1%          2
 Cigotuvi's Dreadful Rot  Necr/Alch/Air  90%        N/A       1%          2
 Jinxbite                 Hex            90%        N/A       1%          2
 Mercury Vapours          Alch/Air       90%        N/A       1%          2
 Momentum Strike          Conj/Tloc      90%        3d10      1%          2
 Scorch                   Fire           90%        2d8       1%          2
 Static Discharge         Conj/Air       90%        3-7/arc   1%          2
 Sublimation of Blood     Necr           45%        N/A       1%          2
 Call Canine Familiar     Summ           45%        N/A       1%          3
 Gell's Gravitas          Tloc           45%        N/A       1%          3
 Hailstorm                Conj/Ice       61%        3d11      1%          3
 Inner Flame              Hex/Fire       45%        N/A       1%          3
 Passwall                 Erth           45%        N/A       1%          3
 Stone Arrow              Conj/Erth      90%        3d12      1%          3
 Teleport Other           Tloc           45%        N/A       1%          3
 Vampiric Draining        Necr           45%        2d9       1%          3
 Airstrike                Air            22%        2d(4-20)  1%          4
 Animate Armour           Summ/Erth      90%        N/A       1%          4
 Brom's Barrelling Bould  Conj/Erth      45%        2d6       1%          4
 Flame Wave               Conj/Fire      45%        2d12      1%          4
 Martyr's Knell           Necr/Summ      45%        N/A       1%          4
 Sticky Flame             Fire/Alch      45%        2d9       1%          4
 Summon Blazeheart Golem  Fire/Summ      45%        N/A       1%          4
 Alistair's Intoxication  Alch           30%        N/A       1%          5
 Arcjolt                  Conj/Air       22%        1d32      1%          5
 Borgnjor's Vile Clutch   Necr/Erth      22%        N/A       1%          5
 Curse of Agony           Necr           45%        N/A       1%          5
 Fireball                 Conj/Fire      22%        3d10      1%          5
 Irradiate                Conj/Alch      22%        3d19      1%          5
 Iskenderun's Battlesphe  Conj           45%        2d10      1%          5
 Lee's Rapid Deconstruct  Erth           22%        3d13*     1%          5
 Conjure Ball Lightning   Conj/Air       22%        3x3d6     2%          6
 Death Channel            Necr           22%        N/A       2%          6
 Sculpt Simulacrum        Ice/Alch       30%        N/A       2%          6
 Starburst                Conj/Fire      22%        6d8       2%          6
 Orb of Destruction       Conj           22%        9d8       12%         7
 Ignition                 Fire           22%        3d8       67%         8
 Maxwell's Capacitive Co  Air            22%        ∞         67%         8
 Chain Lightning          Conj/Air       22%        3d30      100%        9
 Fire Storm               Conj/Fire      22%        8d6       100%        9
 Shatter                  Erth           22%        3d20*     100%        9


Dungeon Overview and Level Annotations

Branches:
Dungeon (15/15)            Temple (1/1) D:6            Lair (5/5) D:8
  Swamp (4/4) Lair:2        Snake (4/4) Lair:3        Slime (5/5) Lair:5
    Orc (2/2) D:9             Elf (3/3) Orc:2        Vaults (4/5) D:14
  Crypt (1/3) Vaults:2     Depths (4/4) D:15            Zot (0/5) Depths:4
  IceCv (visited)

Altars:
Ashenzari
Cheibriados
Dithmenos
Elyvilon
Fedhas
Gozag
Hepliaklqana
Kikubaaqudgha
Makhleb
Nemelex Xobeh
Okawaru
Qazlal
Ru
Sif Muna
Trog
Uskayaw
Vehumet
Wu Jian
Xom
Yredelemnul
Zin
The Shining One
Jiyva
Lugonu

Shops:
D:14 (   Orc:1 !   Orc:2 ([(:[   Elf:1 :==   Elf:2 *   Elf:3 !**   Snake:1 :
Snake:2 (((!   Vaults:1 (   Vaults:3 *   Depths:4 (:*

Portals:
Hell: Depths:1 Depths:2 Depths:3 Depths:4
Abyss: Depths:1 Depths:2 Depths:3
Pandemonium: Depths:2
Ziggurat: Depths:2

Annotations:
Swamp:3 2 transporters, Ynnoxkot's ghost, journeyman DsIE
Elf:2 2 runed translucent doors
Vaults:3 2 transporters, SlowGraham's ghost, legendary KoMo
Depths:1 2 transporters, jimmypageman's ghost, veteran MiFi
Depths:4 Mennas


Innate Abilities, Weirdness & Mutations

You are a fearsome dragon!
You have a powerful clawing attack.
Your giant scaled body is strong and resilient, but less evasive.
You can breathe fire.
You are flying.
Your maximum health is greatly increased.
Your armour is entirely melded.
You are incapable of wielding weapons or throwing items.
((You have very sharp teeth.))
Your uncanny sense of smell can sniff out nearby items.
Your experience applies equally to all skills.
You are frail. (-10% HP)
You occasionally shout uncontrollably at your foes.


Message History

* * * LOW HITPOINT WARNING * * *
A deep elf elementalist comes into view.
It is wielding a +0 long sword.
The deep elf sorcerer is engulfed in freezing vapours.
The deep elf sorcerer points at you and mumbles some strange words.
The bolt of acid misses you.
The deep elf blademaster hits you but does no damage.
The deep elf blademaster closely misses you.
As you read the scroll of teleportation, it crumbles to dust.
You feel strangely unstable.
The +1 trident of protection is engulfed in freezing vapours.
The +1 trident of protection closely misses you.
The +1 battleaxe of flaming is engulfed in freezing vapours.
The deep elf elementalist is engulfed in freezing vapours.
The deep elf sorcerer is engulfed in freezing vapours.
The deep elf sorcerer points at you and mumbles some strange words.
The bolt of acid hits you!!
* * * LOW HITPOINT WARNING * * *
The acid corrodes you!
The deep elf blademaster barely misses you.
The deep elf blademaster hits you with a +0 rapier!
* * * LOW HITPOINT WARNING * * *
The +1 trident of protection misses you.
You are healed.
The deep elf sorcerer is engulfed in freezing vapours.
The deep elf sorcerer points at you and mumbles some strange words.
The bolt of acid misses you.
The deep elf blademaster hits you with a +0 rapier!
* * * LOW HITPOINT WARNING * * *
The deep elf blademaster hits you with a +0 rapier!!
* * * LOW HITPOINT WARNING * * *
The +1 trident of protection misses you.
The +1 battleaxe of flaming is engulfed in freezing vapours.
The deep elf sorcerer is engulfed in freezing vapours.
The deep elf sorcerer hits you with a +0 long sword!
* * * LOW HITPOINT WARNING * * *
The +1 trident of protection completely misses you.
The deep elf blademaster hits you with a +0 rapier!
Elyvilon protects you from harm!
The deep elf blademaster hits you with a +0 rapier!!
You die...

###...###
##§§§§...##
###.§§§§....###
....§§§§......#
....§§§○.......
....§§§§e......
.....§(e.......
###e###
##..eD.##
###.......###
#....8......#
#...........#
#)..........#
#....)).....#
#...........#
#.....).....# ∆
###.).....###


You could see a deep elf blademaster, a deep elf annihilator (empowered), a deep
elf sorcerer (fast, empowered), a +1 trident of protection (ally target) and a
friendly lightning spire (summoned).

Vanquished Creatures
  the Royal Jelly (Slime:5)
  A juggernaut (Depths:2)
  Sojobo (Vaults:3)
  Boris (twice) (Vaults:1 Vaults:3)
  Vashnia (Snake:4)
  A golden dragon (Depths:3)
  Nikola (Vaults:3)
  Norris (Depths:1)
  A tentacled monstrosity (Depths:3)
  3 liches (Depths:2)
  Zenata (Elf:3)
  Mlioglotl (Snake:2)
  A deep elf blademaster (Elf:3)
  A quicksilver dragon (Depths:2)
  2 deep elf master archers (Elf:3)
  Frances (Swamp:2)
  20 acid blobs
  A sphinx (Depths:2)
  An ancient champion (Crypt:1)
  2 shadow dragons
  A thorn hunter (Swamp:1)
  Donald (Swamp:2)
  Aizul (Elf:2)
  15 azure jellies
  2 fenstrider witches
  15 rockslimes
  4 tengu reavers
  2 nagarajas (Snake:4)
  2 fire giants
  A draconian knight (Abyss:2)
  The ghost of barkas the Spear-Bearer, a journeyman CeMo of Okawaru (Orc:1)
  7 deep elf sorcerers
  3 deep elf elementalists (Elf:3)
  An iron dragon (Depths:4)
  2 ghouls
  Louise (Snake:1)
  4 frost giants
  8 vault wardens
  A draconian stormcaller (Depths:4)
  2 caustic shrike zombies
  21 quicksilver oozes
  The ghost of rozman the Eclecticist, a journeyman DsIE of Qazlal (Swamp:2)
  2 orc warlords
  16 ironbound preservers
  8 very ugly things
  4 formless jellyfish
  2 spriggan defenders
  5 stone giants
  11 ironbound thunderhulks
  2 deep elf demonologists (Elf:3)
  A green draconian (Depths:4)
  3 eleionomae
  A lorocyproca (Depths:2)
  3 vampire knights (Depths:2)
  A war gargoyle (Vaults:4)
  11 dire elephants
  3 deep elf death magi (Elf:3)
  A white draconian (Depths:4)
  4 deep elf annihilators (Elf:3)
  A red draconian (Depths:4)
  Azrael (Lair:3)
  2 bunyips
  A purple draconian (Depths:4)
  Snorg (D:13)
  An eidolon (Vaults:2)
  9 spark wasps
  8 ettins
  A blizzard demon (Depths:3)
  A merfolk javelineer (Depths:3)
  2 fire dragons
  13 yaktaur captains
  Josephine (D:11)
  A crystal guardian (Vaults:4)
  11 deep elf high priests (Elf:3)
  20 hydras
  12 great orbs of eyes
  7 ice dragons
  A rakshasa (Depths:2)
  5 shambling mangroves
  Erolcha (Orc:1)
  12 vault guards
  A peacekeeper (Vaults:4)
  A salamander tyrant (Snake:4)
  13 ironbound frosthearts
  2 catoblepae
  18 centaur warriors
  Erica (Orc:2)
  3 spriggan air magi
  7 boulder beetles
  3 ogre magi
  7 alligators
  A sphinx zombie (Depths:2)
  A ghost crab (Swamp:2)
  A death knight (Vaults:2)
  5 two-headed ogres
  9 anacondas
  38 death yaks
  3 deep troll shamans
  8 naga warriors
  2 occultists (Depths:1)
  A shock serpent (Snake:1)
  3 tengu warriors
  19 dancing weapons
  5 deep troll earth magi
  3 demonic crawlers (Elf:1)
  5 spriggan berserkers
  3 hell knights
  An orc high priest (Orc:1)
  A sun demon (Depths:2)
  3 thrashing horrors (Abyss:2)
  17 deep elf knights
  A wretched star (Abyss:2)
  Nergalle (D:10)
  4 skysharks
  7 spriggans
  13 naga sharpshooters
  A fire crab (shapeshifter) (Vaults:1)
  A sea snake (shapeshifter) (Depths:2)
  9 skeletal warriors
  7 goliath frogs
  4 iron trolls
  4 salamander mystics (Snake:4)
  49 deep trolls
  Amaemon (D:11)
  An orb spider (shapeshifter) (Depths:4)
  A quicksilver dragon simulacrum (Depths:2)
  9 mana vipers
  6 bog bodies
  5 arcanists
  5 swamp dragons
  3 phantasmal warriors
  6 spriggan druids
  8 naga ritualists
  6 deep elf archers
  4 glowing orange brains
  2 tengu zombies
  A harpy (shapeshifter) (D:14)
  A shadow demon (Depths:2)
  9 ironbound convokers
  11 lindwurms
  Pikel (D:5)
  27 deep elf pyromancers
  21 deep elf zephyrmancers
  8 starcursed masses (Abyss:2)
  13 orc knights
  9 salamanders
  2 manticores
  10 orc sorcerers
  An iron dragon zombie (Depths:3)
  31 ugly things
  8 necromancers
  8 shining eyes
  8 will-o-the-wisps
  8 cyclopes
  5 nameless horrors
  A fire giant skeleton (Depths:3)
  4 guardian serpents
  A smoke demon (Abyss:2)
  24 black mambas
  A kobold blastminer (Orc:2)
  19 elephants
  7 vault sentinels
  A stone giant skeleton (Vaults:4)
  2 frost giant skeletons (Depths:3)
  An ice statue (IceCv)
  15 naga magi
  5 eyes of devastation
  An orange demon (D:11)
  A cane toad (shapeshifter) (D:15)
  12 cane toads
  2 efreet
  6 rime drakes
  An elf zombie (Vaults:2)
  A hellion (Abyss:2)
  A rime drake (shapeshifter) (Elf:3)
  24 yaktaurs
  A yaktaur (shapeshifter) (Depths:4)
  2 komodo dragons
  A freezing wraith (D:14)
  A human skeleton (Vaults:1)
  A hydra zombie (Crypt:1)
  8 trolls
  2 bloated husks (Swamp:3)
  A troll (shapeshifter) (D:14)
  7 polar bears
  A wind drake (shapeshifter) (Elf:3)
  14 blink frogs
  Grinder (D:5)
  5 tyrant leeches
  A shadow dragon simulacrum (Vaults:3)
  17 hornets
  5 glass eyes
  6 dream sheep (Lair:2)
  133 slime creatures
  A ynoxinul (Abyss:2)
  A centaur simulacrum (D:14)
  An ettin skeleton (Vaults:2)
  2 air elementals (Elf:2)
  20 water elementals
  A shadow (D:12)
  4 wyverns
  7 wraiths
  64 yaks
  6 fire elementals
  4 basilisks
  3 humans (D:14)
  10 golden eyes
  11 vampire mosquitoes
  9 wargs
  2 steam dragons
  Menkaure (D:4)
  The ghost of Natenado the Magician, an amateur DjFE (D:3)
  3 small abominations (Abyss:2)
  13 swamp worms
  A human simulacrum (Vaults:4)
  52 nagas
  5 acid dragons
  11 water moccasins
  A black bear (shapeshifter) (D:13)
  2 glowing shapeshifter skeletons
  2 hell hounds (Lair:3)
  8 swamp drakes
  A human zombie (Vaults:2)
  33 orc warriors
  2 sky beasts (D:7)
  5 black bears
  An elf simulacrum (Vaults:4)
  18 centaurs
  18 ogres
  27 wolves
  2 weeping skulls (Abyss:2)
  2 kobold brigands
  10 bullfrogs
  A gnoll sergeant (D:6)
  2 earth elementals (Elf:3)
  A scorpion (D:4)
  A glowing shapeshifter simulacrum (Vaults:2)
  3 wights (D:7)
  A spectral ogre (Orc:1)
  13 killer bees
  A howler monkey (D:13)
  4 hounds
  11 orc priests
  2 jellies
  A gnoll bouda (D:7)
  Crazy Yiuf (D:3)
  Terence (D:2)
  3 iguanas
  Natasha (twice) (D:2)
  38 orc wizards
  2 troll simulacra (Orc:1)
  A wolf simulacrum (Lair:2)
  12 gnolls
  6 adders
  A shadow imp (Abyss:2)
  2 white imps
  2 ufetubi (D:7)
  3 orc simulacra (Orc:1)
  A ribbon worm (D:2)
  105 orcs
  8 bats
  10 endoplasms
  3 giant cockroaches
  7 goblins
  4 hobgoblins
  12 jackals
  13 kobolds
  4 quokkas
  2 training dummies (Orc:2)
  11 ball pythons
  4 frilled lizards
  12 rats
1868 creatures vanquished.

Vanquished Creatures (collateral kills)
  2 acid blobs
  2 azure jellies
  2 rockslimes (Slime:5)
  2 nagarajas (Snake:4)
  A deep elf sorcerer (Elf:3)
  An orc warlord (Vaults:2)
  3 quicksilver oozes (Slime:5)
  2 ironbound preservers
  A deep elf demonologist (Elf:3)
  A deep elf annihilator (Elf:3)
  A spark wasp (Depths:3)
  2 hydras
  A vault guard (Vaults:4)
  An ironbound frostheart (Vaults:1)
  A naga warrior (Snake:4)
  A vampire mage (Crypt:1)
  A dancing weapon (Elf:2)
  A naga sharpshooter (Lair:3)
  A sea snake (Snake:3)
  A mana viper (Lair:3)
  A bog body (Swamp:4)
  2 deep trolls
  An orc knight (D:15)
  A salamander (Snake:1)
  2 vault sentinels
  21 slime creatures
  A guardian serpent (Snake:2)
  3 naga magi
  A yaktaur (Vaults:3)
  A komodo dragon (Lair:5)
  A freezing wraith (Crypt:1)
  A spriggan (Depths:2)
  4 nagas (Snake:4)
  A swamp worm (Swamp:1)
  A swamp drake (Swamp:4)
  4 orcs
74 creatures vanquished.

Vanquished Creatures (others)
  A hydra (D:15)
  An orc high priest (Orc:2)
  An elephant (Lair:2)
  2 black mambas (Lair:1)
  A rime drake (Lair:1)
  A bloated husk (Swamp:3)
  A naga (Lair:3)
  A glowing shapeshifter skeleton (Depths:2)
  2 centaurs (D:15)
  A bullfrog (Lair:2)
  3 orcs
  A kobold (D:10)
  15 foxfires
  2 starspawn tentacles (Snake:2)
33 creatures vanquished.

Grand Total: 1975 creatures vanquished

Notes
Turn   | Place    | Note
-------+----------+-------------------------------------------
     0 | D:1      | monsoonserge the Gnoll Shapeshifter began the quest for the
                  | Orb.
     0 | D:1      | Reached XP level 1. HP: 17/17 MP: 1/1
   102 | D:1      | Reached XP level 2. HP: 23/23 MP: 2/2
   245 | D:1      | Reached XP level 3. HP: 24/28 MP: 3/3
   250 | D:1      | Found a faded altar of an unknown god.
   470 | D:1      | Reached skill level 1 in Invocations
  1018 | D:2      | Noticed Natasha
  1028 | D:2      | Killed Natasha
  1029 | D:2      | Reached skill level 1 in Short Blades
  1029 | D:2      | Reached skill level 1 in Long Blades
  1029 | D:2      | Reached skill level 1 in Axes
  1029 | D:2      | Reached skill level 1 in Maces & Flails
  1029 | D:2      | Reached skill level 1 in Polearms
  1029 | D:2      | Reached skill level 1 in Staves
  1029 | D:2      | Reached skill level 1 in Ranged Weapons
  1029 | D:2      | Reached skill level 1 in Throwing
  1029 | D:2      | Reached skill level 1 in Armour
  1029 | D:2      | Reached skill level 1 in Stealth
  1029 | D:2      | Reached skill level 1 in Shields
  1029 | D:2      | Reached skill level 1 in Spellcasting
  1029 | D:2      | Reached skill level 1 in Evocations
  1029 | D:2      | Reached XP level 4. HP: 32/34 MP: 3/5
  1037 | D:2      | Noticed Natasha
  1081 | D:2      | Killed Natasha
  1082 | D:2      | Reached skill level 1 in Conjurations
  1082 | D:2      | Reached skill level 1 in Hexes
  1082 | D:2      | Reached skill level 1 in Summonings
  1082 | D:2      | Reached skill level 1 in Necromancy
  1082 | D:2      | Reached skill level 1 in Translocations
  1082 | D:2      | Reached skill level 1 in Fire Magic
  1082 | D:2      | Reached skill level 1 in Ice Magic
  1082 | D:2      | Reached skill level 1 in Air Magic
  1082 | D:2      | Reached skill level 1 in Earth Magic
  1082 | D:2      | Reached skill level 1 in Alchemy
  1247 | D:2      | Noticed Terence
  1258 | D:2      | Killed Terence
  1259 | D:2      | Reached XP level 5. HP: 23/41 MP: 4/7
  1605 | D:3      | Found a glowing golden altar of the Shining One.
  1733 | D:3      | Found a runed translucent door.
  1735 | D:3      | Noticed Natenado's ghost (amateur DjFE)
  1806 | D:3      | Found a white marble altar of Elyvilon.
  1818 | D:3      | Became a worshipper of Elyvilon the Healer
  1847 | D:3      | Found a runed translucent door.
  1848 | D:3      | Noticed Crazy Yiuf
  1936 | D:4      | Found a hide-covered altar of Uskayaw.
  2201 | D:4      | Found the +5 woodcutter's axe
  2220 | D:4      | Reached XP level 6. HP: 38/47 MP: 5/8
  2288 | D:4      | Reached * piety under Elyvilon
  2755 | D:5      | Entered Level 5 of the Dungeon
  2755 | D:5      | Noticed Menkaure
  2802 | D:4      | Reached skill level 5 in Dodging
  2951 | D:5      | Noticed a water moccasin
  3105 | D:4      | Killed Menkaure
  3106 | D:4      | Reached XP level 7. HP: 52/52 MP: 8/10
  3186 | D:5      | Noticed Pikel
  3307 | D:5      | Killed Pikel
  3308 | D:5      | Reached XP level 8. HP: 41/60 MP: 7/12
  3689 | D:5      | Noticed Grinder
  3696 | D:5      | Paralysed by Grinder for 3 turns
  3699 | D:5      | Killed Grinder
  3810 | D:5      | Reached ** piety under Elyvilon
  3886 | D:5      | Found a shimmering blue altar of Sif Muna.
  4107 | D:6      | Reached XP level 9. HP: 66/66 MP: 12/14
  4281 | D:6      | Found a staircase to the Ecumenical Temple.
  4286 | Temple   | Entered the Ecumenical Temple
  4497 | D:6      | Found a burning altar of Makhleb.
  4780 | D:6      | Reached *** piety under Elyvilon
  4882 | D:7      | Noticed a troll
  4901 | D:6      | Killed a troll
  4982 | D:6      | Learned a level 2 spell: Blink
  4999 | D:7      | Reached skill level 5 in Fighting
  5485 | D:7      | Reached skill level 5 in Invocations
  5766 | D:7      | You fall into a shaft and drop 3 floors!
  5766 | D:10     | Entered Level 10 of the Dungeon
  5807 | D:10     | Noticed a troll
  6276 | D:9      | Learned a level 3 spell: Mephitic Cloud
  6419 | D:9      | HP: 2/68 [centaur (2)]
  6814 | D:9      | Reached skill level 5 in Short Blades
  6814 | D:9      | Reached skill level 5 in Long Blades
  6814 | D:9      | Reached skill level 5 in Axes
  6814 | D:9      | Reached skill level 5 in Maces & Flails
  6814 | D:9      | Reached skill level 5 in Polearms
  6814 | D:9      | Reached skill level 5 in Staves
  6814 | D:9      | Reached skill level 5 in Ranged Weapons
  6814 | D:9      | Reached skill level 5 in Throwing
  6814 | D:9      | Reached skill level 5 in Armour
  6814 | D:9      | Reached skill level 5 in Stealth
  6814 | D:9      | Reached skill level 5 in Shields
  6814 | D:9      | Reached skill level 5 in Spellcasting
  6814 | D:9      | Reached skill level 5 in Evocations
  6814 | D:9      | Reached XP level 10. HP: 59/76 MP: 13/17
  6868 | D:8      | Found a staircase to the Lair.
  7008 | D:7      | Reached **** piety under Elyvilon
  7367 | D:7      | Found a bloodstained altar of Trog.
  7367 | D:7      | Found a basalt altar of Yredelemnul.
  8342 | D:3      | Killed Natenado's ghost
  8547 | D:3      | Killed Crazy Yiuf
  9079 | D:9      | Found a staircase to the Orcish Mines.
  9314 | D:10     | Noticed Nergalle
  9587 | D:10     | Killed Nergalle
 10129 | D:11     | Noticed Josephine
 10227 | D:11     | Noticed a two-headed ogre
 10238 | D:11     | Killed a two-headed ogre
 10239 | D:11     | Reached skill level 5 in Conjurations
 10239 | D:11     | Reached skill level 5 in Hexes
 10239 | D:11     | Reached skill level 5 in Summonings
 10239 | D:11     | Reached skill level 5 in Necromancy
 10239 | D:11     | Reached skill level 5 in Translocations
 10239 | D:11     | Reached skill level 5 in Fire Magic
 10239 | D:11     | Reached skill level 5 in Ice Magic
 10239 | D:11     | Reached skill level 5 in Air Magic
 10239 | D:11     | Reached skill level 5 in Earth Magic
 10239 | D:11     | Reached skill level 5 in Alchemy
 10239 | D:11     | Reached XP level 11. HP: 64/83 MP: 13/20
 10341 | D:11     | Noticed a skeletal warrior
 10401 | Lair:1   | Entered Level 1 of the Lair of Beasts
 10775 | Lair:1   | Noticed a boulder beetle
 10783 | Lair:1   | Pacified a boulder beetle
 11337 | Lair:1   | Noticed a catoblepas
 11511 | Lair:1   | Killed a catoblepas
 12330 | Lair:2   | Reached XP level 12. HP: 81/91 MP: 18/22
 12461 | Lair:2   | Noticed a boulder beetle
 12489 | Lair:2   | Killed a boulder beetle
 12564 | Lair:2   | Found a frozen archway.
 12724 | IceCv    | Entered an ice cave
 12755 | IceCv    | Reached skill level 10 in Unarmed Combat
 12948 | IceCv    | Noticed a death yak
 12953 | IceCv    | Noticed a death yak
 12962 | IceCv    | Killed a death yak
 12974 | IceCv    | Killed a death yak
 13313 | IceCv    | Noticed a death yak
 13327 | IceCv    | Killed a death yak
 13386 | IceCv    | Noticed a death yak
 13391 | IceCv    | Noticed a death yak
 13393 | IceCv    | Noticed a death yak
 13395 | IceCv    | Noticed a death yak
 13398 | IceCv    | Killed a death yak
 13405 | IceCv    | Killed a death yak
 13420 | IceCv    | Killed a death yak
 13429 | IceCv    | Killed a death yak
 13629 | IceCv    | Noticed a death yak
 13629 | IceCv    | Noticed a frost giant
 13640 | IceCv    | Reached XP level 13. HP: 99/99 MP: 19/25
 13645 | IceCv    | Reached skill level 10 in Shapeshifting
 13669 | IceCv    | Killed a frost giant
 14947 | Lair:2   | Reached skill level 10 in Dodging
 14957 | Lair:2   | Found a staircase to the Swamp.
 14963 | Lair:2   | Paralysed by a hornet for 2 turns
 15304 | Lair:3   | Learned a level 2 spell: Lesser Beckoning
 15330 | Lair:3   | Learned a level 3 spell: Summon Ice Beast
 15346 | Lair:3   | Learned a level 4 spell: Ignite Poison
 16133 | Lair:3   | Found a staircase to the Snake Pit.
 16180 | Lair:2   | Reached XP level 14. HP: 98/108 MP: 18/27
 16338 | Lair:2   | Reached skill level 10 in Invocations
 17293 | Snake:1  | Entered Level 1 of the Snake Pit
 17293 | Snake:1  | Noticed Azrael
 18083 | Lair:4   | Identified a scroll of acquirement
 18084 | Lair:4   | Acquired the +2 shield of Resistance {rF++ rC++ Will++}
 18084 | Lair:4   | Found the +2 shield of Resistance {rF++ rC++ Will++}
 18447 | Lair:5   | Entered Level 5 of the Lair of Beasts
 18753 | Lair:5   | Reached skill level 10 in Fighting
 19400 | Lair:5   | Reached ***** piety under Elyvilon
 19585 | Lair:5   | Found a staircase to the Slime Pits.
 19666 | Lair:5   | Reached skill level 10 in Short Blades
 19666 | Lair:5   | Reached skill level 10 in Long Blades
 19666 | Lair:5   | Reached skill level 10 in Axes
 19666 | Lair:5   | Reached skill level 10 in Maces & Flails
 19666 | Lair:5   | Reached skill level 10 in Polearms
 19666 | Lair:5   | Reached skill level 10 in Staves
 19666 | Lair:5   | Reached skill level 10 in Ranged Weapons
 19666 | Lair:5   | Reached skill level 10 in Throwing
 19666 | Lair:5   | Reached skill level 10 in Armour
 19666 | Lair:5   | Reached skill level 10 in Stealth
 19666 | Lair:5   | Reached skill level 10 in Shields
 19666 | Lair:5   | Reached skill level 10 in Spellcasting
 19666 | Lair:5   | Reached skill level 10 in Evocations
 19998 | Lair:5   | Reached XP level 15. HP: 117/117 MP: 11/29
 21161 | D:11     | Killed Josephine
 21284 | D:11     | Noticed Amaemon
 21299 | D:11     | Killed Amaemon
 23251 | Orc:1    | Entered Level 1 of the Orcish Mines
 23366 | Orc:2    | Entered Level 2 of the Orcish Mines
 24169 | Orc:2    | Found a staircase to the Elven Halls.
 24459 | Orc:2    | Found Ziheeklo's Armour Emporium.
 24530 | Orc:2    | Found Qug Ykk's Antique Armour Shoppe.
 24555 | Orc:2    | Bought a glowing helmet for 247 gold pieces
 24607 | Orc:2    | Found Ogunue's Antique Weapon Emporium.
 24699 | Orc:2    | Found Korof's Firing Range.
 24875 | Orc:2    | Found Plog's Book Emporium.
 25097 | Orc:1    | Noticed Erica
 25105 | Orc:2    | Killed Erica
 25478 | Orc:1    | Reached XP level 16. HP: 125/125 MP: 28/30
 25478 | Orc:1    | Noticed Erolcha
 25532 | Orc:1    | Found Qocel's Distillery.
 25549 | Orc:1    | Killed Erolcha
 25591 | Orc:1    | Bought a potion of berserk rage for 70 gold pieces
 25855 | Orc:1    | Found a runed translucent gate.
 25856 | Orc:1    | Found a runed translucent gate.
 25856 | Orc:1    | Found a runed translucent gate.
 25860 | Orc:1    | Noticed barkas's ghost (journeyman CeMo)
 26207 | Orc:1    | You fall into a shaft and drop 1 floor!
 26495 | Orc:1    | Killed barkas's ghost
 27031 | D:13     | Noticed Snorg
 27045 | D:13     | Killed Snorg
 27656 | D:13     | Reached ****** piety under Elyvilon
 28218 | D:14     | Found Nioleoq's Antique Weapon Boutique.
 28318 | D:14     | Identified the +0 leather armour "Juesaom" {+Inv MP+9
                  | Int-3}
 28700 | D:15     | Entered Level 15 of the Dungeon
 29080 | D:15     | Found a staircase to the Depths.
 29630 | D:15     | Found a glowing golden altar of the Shining One.
 29889 | D:15     | Learned a level 4 spell: Summon Lightning Spire
 29895 | D:15     | Learned a level 5 spell: Freezing Cloud
 30100 | D:14     | Found a gate to the Vaults.
 31258 | D:14     | Reached XP level 17. HP: 100/128 MP: 29/32
 31363 | D:14     | Got the Volume of the Blind Marksman
 31443 | D:14     | Reached skill level 10 in Conjurations
 31443 | D:14     | Reached skill level 10 in Hexes
 31443 | D:14     | Reached skill level 10 in Summonings
 31443 | D:14     | Reached skill level 10 in Necromancy
 31443 | D:14     | Reached skill level 10 in Translocations
 31443 | D:14     | Reached skill level 10 in Fire Magic
 31443 | D:14     | Reached skill level 10 in Ice Magic
 31443 | D:14     | Reached skill level 10 in Air Magic
 31443 | D:14     | Reached skill level 10 in Earth Magic
 31443 | D:14     | Reached skill level 10 in Alchemy
 32433 | Snake:1  | Noticed Louise
 32436 | Snake:1  | HP: 5/133 [black mamba[a naga ritualist] (4)]
 32436 | Abyss:2  | Found a corrupted altar of Lugonu.
 32436 | Abyss:2  | Cast into level 2 of the Abyss (Louise)
 33062 | Snake:1  | Escaped the Abyss
 33458 | Swamp:1  | Entered Level 1 of the Swamp
 33612 | Swamp:1  | Paralysed by a hornet for 3 turns
 34225 | Swamp:2  | Noticed Frances
 34365 | Swamp:2  | Found a runed translucent gate.
 34365 | Swamp:2  | Found a runed translucent gate.
 34365 | Swamp:2  | Found a runed translucent gate.
 34372 | Swamp:2  | Noticed rozman's ghost (journeyman DsIE)
 34559 | Swamp:2  | Noticed Donald
 34592 | Swamp:2  | Killed Donald
 36199 | Swamp:2  | Killed Frances
 36432 | Swamp:3  | Reached XP level 18. HP: 141/141 MP: 18/34
 36500 | Swamp:3  | Noticed a tentacled monstrosity
 36509 | Swamp:3  | Noticed Ynnoxkot's ghost (journeyman DsIE)
 36921 | Swamp:3  | Found a transporter.
 36956 | Swamp:3  | Found a transporter.
 37155 | Swamp:4  | Entered Level 4 of the Swamp
 37479 | Lair:3   | Killed Azrael
 38472 | Snake:1  | Killed Louise
 39743 | Swamp:2  | Reached XP level 19. HP: 137/137 MP: 34/36
 39761 | Swamp:2  | Killed rozman's ghost
 40578 | Swamp:4  | Got a decaying rune of Zot
 41165 | Snake:1  | Found Mauqus's Book Shop.
 41954 | Snake:2  | Found Cyvveig's Antique Weapon Boutique.
 41954 | Snake:2  | Found Numeut's Weapon Shop.
 41956 | Snake:2  | Found Diut's Weapon Shop.
 41957 | Snake:2  | Found Foaliu's Distillery.
 42196 | Snake:2  | Noticed Mlioglotl
 42208 | Snake:2  | Killed Mlioglotl
 42209 | Snake:2  | Reached XP level 20. HP: 157/157 MP: 22/37
 43590 | Snake:4  | Entered Level 4 of the Snake Pit
 44734 | Snake:4  | Reached skill level 15 in Unarmed Combat
 44736 | Snake:4  | Reached skill level 15 in Dodging
 45083 | Snake:4  | Noticed Vashnia
 45399 | Snake:4  | Killed Vashnia
 45725 | Snake:4  | Got a serpentine rune of Zot
 46230 | Swamp:3  | Learned a level 6 spell: Dispersal
 46489 | Orc:1    | Bought a potion of heal wounds for 70 gold pieces
 46489 | Orc:1    | Bought a potion of heal wounds for 70 gold pieces
 46838 | Vaults:1 | Entered Level 1 of the Vaults
 46851 | D:14     | Reached skill level 15 in Invocations
 47238 | Vaults:1 | Noticed Boris
 47299 | Vaults:1 | Killed Boris
 47536 | Vaults:1 | Reached skill level 15 in Short Blades
 48755 | Vaults:1 | Reached XP level 21. HP: 166/166 MP: 31/39
 49146 | Vaults:2 | Got Yvariass's Parchment of Bloody Fog
 49844 | Vaults:1 | Found Uweybeh's Weapon Shoppe.
 51209 | Vaults:2 | Found a staircase to the Crypt.
 51266 | Vaults:2 | Gained mutation: Your flesh is heat resistant. (rF+) [a
                  | neqoxec]
 51758 | Vaults:2 | Identified the +5 arbalest of Chaos {penet, rElec rPois
                  | Str+5 Int-2 Dex+3}
 52014 | Vaults:3 | Found Umeaqul's General Store.
 52092 | Vaults:3 | Found a transporter.
 52096 | Vaults:3 | Noticed SlowGraham's ghost (legendary KoMo)
 52102 | Vaults:3 | Found a transporter.
 52241 | Vaults:3 | HP: 5/167 [ironbound thunderhulk/bolt of lightning (34)]
 52635 | Vaults:3 | Learned a level 6 spell: Summon Cactus Giant
 52699 | Vaults:3 | Reached skill level 15 in Fighting
 52731 | Vaults:3 | Noticed Nikola
 52882 | Crypt:1  | Entered Level 1 of the Crypt
 52960 | Crypt:1  | Reached skill level 15 in Shapeshifting
 53918 | Depths:1 | Entered Level 1 of the Depths
 54114 | Depths:1 | Found a gateway to Hell.
 54130 | Depths:1 | Found a transporter.
 54131 | Depths:1 | Noticed a golden dragon
 54131 | Depths:1 | Noticed jimmypageman's ghost (veteran MiFi)
 54143 | Depths:1 | Found a transporter.
 54147 | Depths:1 | Noticed a caustic shrike
 54231 | Depths:1 | Noticed Norris
 54248 | Depths:1 | Killed Norris
 54249 | Depths:1 | Reached XP level 22. HP: 144/175 MP: 7/40
 55153 | Depths:1 | Found a one-way gate to the infinite horrors of the Abyss.
 55419 | Depths:1 | Found a portal to a secret trove of treasure.
 55429 | Depths:1 | Reached skill level 15 in Long Blades
 55429 | Depths:1 | Reached skill level 15 in Axes
 55429 | Depths:1 | Reached skill level 15 in Maces & Flails
 55429 | Depths:1 | Reached skill level 15 in Polearms
 55429 | Depths:1 | Reached skill level 15 in Staves
 55429 | Depths:1 | Reached skill level 15 in Ranged Weapons
 55429 | Depths:1 | Reached skill level 15 in Throwing
 55429 | Depths:1 | Reached skill level 15 in Armour
 55429 | Depths:1 | Reached skill level 15 in Stealth
 55429 | Depths:1 | Reached skill level 15 in Shields
 55429 | Depths:1 | Reached skill level 15 in Spellcasting
 55429 | Depths:1 | Reached skill level 15 in Evocations
 55485 | Depths:2 | Found a corrupted altar of Lugonu.
 56744 | Depths:2 | Found a one-way gateway to a ziggurat.
 56745 | Depths:2 | Noticed an ancient lich
 56988 | Depths:2 | Noticed a juggernaut
 57010 | Depths:2 | Killed a juggernaut
 57321 | Depths:2 | Found a one-way gate leading to the halls of Pandemonium.
 58567 | Depths:3 | HP: 11/245 [spark wasp (12)]
 58567 | Depths:3 | Elyvilon protects you from harm!
 59506 | Slime:1  | Entered Level 1 of the Pits of Slime
 60047 | Slime:1  | Found a viscous altar of Jiyva.
 60233 | Slime:1  | Reached XP level 23. HP: 142/183 MP: 33/42
 60698 | Slime:3  | Paralysed by a formless jellyfish for 1 turns
 60703 | Slime:3  | You fall into a shaft and drop 1 floor!
 61035 | Slime:4  | Gained mutation: You are dopey. (Int -2) [a shining eye]
 61381 | Slime:4  | Gained mutation: You occasionally lose the ability to drink
                  | potions when taking damage. [a shining eye]
 61435 | Slime:4  | Gained mutation: You occasionally lose the ability to read
                  | scrolls when taking damage. [a shining eye]
 61800 | Slime:3  | Gained mutation: You have sharp toenails. [a shining eye]
 61801 | Slime:3  | Gained mutation: Your body sometimes deteriorates upon
                  | taking damage. [a shining eye]
 62071 | Slime:3  | Paralysed by a formless jellyfish for 1 turns
 62270 | Slime:3  | Paralysed by a formless jellyfish for 1 turns
 62783 | Slime:2  | Gained mutation: Your body often deteriorates upon taking
                  | damage. [a shining eye]
 62872 | Slime:3  | Lost mutation: Your body often deteriorates upon taking
                  | damage. [potion of mutation]
 62872 | Slime:3  | Lost mutation: Your body sometimes deteriorates upon taking
                  | damage. [potion of mutation]
 62872 | Slime:3  | Lost mutation: You have sharp toenails. [potion of
                  | mutation]
 63203 | Slime:5  | Entered Level 5 of the Pits of Slime
 64597 | Slime:5  | Found a viscous altar of Jiyva.
 65000 | Slime:5  | Noticed the Royal Jelly
 65009 | Slime:5  | Was placed under penance by Elyvilon
 67319 | Slime:5  | HP: 8/184 [acid blob/splash of acid[the Royal Jelly] (14)]
 67320 | Slime:5  | Elyvilon protects you from harm!
 67323 | Slime:5  | Killed the Royal Jelly
 67772 | Slime:5  | Identified the staff of Breach {*Slow Fly rC+ rN+ Will+
                  | Ice}
 67829 | Slime:5  | Identified the +9 falchion of Fedhas's Pride {speed, ^Drain
                  | Str+4}
 67842 | Slime:5  | Got a slimy rune of Zot
 67849 | Slime:5  | Identified the ring "Wish" {rC+ rN+}
 67893 | Slime:5  | HP: 1/184 [rockslime[the Royal Jelly] (45)]
 68259 | Slime:4  | Lost mutation: You occasionally lose the ability to read
                  | scrolls when taking damage. [potion of mutation]
 68259 | Slime:4  | Lost mutation: Your flesh is heat resistant. (rF+) [potion
                  | of mutation]
 68259 | Slime:4  | Lost mutation: You occasionally lose the ability to drink
                  | potions when taking damage. [potion of mutation]
 68259 | Slime:4  | Gained mutation: You sometimes lose your temper in combat.
                  | [potion of mutation]
 68259 | Slime:4  | Gained mutation: Your movements are slightly less
                  | encumbered by armour. (ER -2) [potion of mutation]
 68259 | Slime:4  | Gained mutation: You have sharp toenails. [potion of
                  | mutation]
 68322 | Slime:4  | Lost mutation: Your movements are slightly less encumbered
                  | by armour. (ER -2) [potion of mutation]
 68322 | Slime:4  | Lost mutation: You have sharp toenails. [potion of
                  | mutation]
 68322 | Slime:4  | Lost mutation: You are dopey. (Int -2) [potion of mutation]
 68322 | Slime:4  | Gained mutation: You have sharp fingernails. [potion of
                  | mutation]
 68322 | Slime:4  | Gained mutation: You are somewhat resistant to further
                  | mutation. [potion of mutation]
 68323 | Slime:4  | Lost mutation: You are somewhat resistant to further
                  | mutation. [potion of mutation]
 68323 | Slime:4  | Lost mutation: You have sharp fingernails. [potion of
                  | mutation]
 68323 | Slime:4  | Lost mutation: You sometimes lose your temper in combat.
                  | [potion of mutation]
 68323 | Slime:4  | Gained mutation: You occasionally shout uncontrollably at
                  | your foes. [potion of mutation]
 68449 | Slime:5  | Identified the +2 leather armour of the Cricket {rC+ Str+4}
 68452 | Slime:5  | Got the Essays on Battling
 68899 | Depths:1 | You paid a toll of +3 storm dragon scales to enter a
                  | treasure trove
 68900 | Trove    | Entered a treasure trove
 68939 | Trove    | Identified the ring "Boit" {rN+ Int+6 SInv}
 68941 | Trove    | Identified the ring of Salvation {^Contam rPois Will+ MP+9
                  | Str+3}
 68945 | Trove    | Identified the ring of Xurad {Ice +Blink rElec Str+7
                  | Slay-5}
 69004 | Depths:1 | Learned a level 4 spell: Vhi's Electric Charge
 69445 | Vaults:3 | Noticed Sojobo
 69558 | Vaults:3 | Killed Sojobo
 69932 | Vaults:3 | Noticed Boris
 69944 | Vaults:3 | Killed Boris
 70109 | Vaults:3 | Bought a potion of heal wounds for 85 gold pieces
 70526 | Vaults:3 | Was forgiven by Elyvilon
 70778 | Vaults:3 | Killed Nikola
 71180 | Vaults:4 | Reached XP level 24. HP: 193/193 MP: 27/43
 73257 | Depths:3 | Identified the ring "Jerghaz" {Ice rElec Slay+3}
 73534 | Depths:3 | Found an opulent altar of Gozag.
 73682 | Depths:4 | Entered Level 4 of the Depths
 73972 | Depths:4 | Gained mutation: You are frail. (-10% HP) [a shining eye]
 74079 | Depths:4 | Found Mebidul's Antique Weapon Boutique.
 74083 | Depths:4 | Found Saedgh's Book Shop.
 74084 | Depths:4 | Found Jishrub's General Store.
 74461 | Depths:4 | Found a gate to the Realm of Zot.
 74488 | Depths:4 | Noticed Mennas
 74796 | Elf:1    | Entered Level 1 of the Elven Halls
 75544 | Elf:1    | Found Biwny's Book Shoppe.
 75544 | Elf:1    | Found Titag's Jewellery Shop.
 75545 | Elf:1    | Found Vehutaps's Jewellery Shop.
 76025 | Elf:2    | Found Fopaf's General Store.
 76085 | Elf:2    | Paralysed by an air elemental for 1 turns
 76097 | Elf:2    | Paralysed by an air elemental for 1 turns
 76241 | Elf:2    | Found a large runed translucent door.
 76241 | Elf:2    | Found a large runed translucent door.
 76266 | Elf:2    | Found a large runed translucent door.
 76266 | Elf:2    | Found a large runed translucent door.
 76309 | Elf:2    | Identified the +5 scale mail of the Fig {Rampage rPois
                  | Will- Stlth+}
 76329 | Elf:1    | Found a shimmering blue altar of Sif Muna.
 76354 | Elf:2    | Found a radiant altar of Vehumet.
 76877 | Elf:2    | Identified the serpent talisman of Incorporation {rN+ Str+3
                  | Stlth+}
 76877 | Elf:2    | Noticed Aizul
 76891 | Elf:2    | Killed Aizul
 77206 | Elf:3    | Entered Level 3 of the Elven Halls
 77287 | Elf:3    | Found Hadghiapt's Assorted Antiques.
 77434 | Elf:3    | Found Gugo's Distillery.
 77454 | Elf:3    | Identified the +0 leather armour of Whack-A-Mole {Int+4}
 77488 | Elf:3    | Noticed Zenata
 77495 | Elf:3    | Killed Zenata
 77636 | Elf:3    | Found Zuaregez's Assorted Antiques.
 78025 | Elf:3    | Reached XP level 25. HP: 180/180 MP: 39/43
 78429 | Elf:3    | Elyvilon protects you from harm!
 78429 | Elf:3    | Slain by a deep elf blademaster

Illustrated notes

Levels and vault maps discovered:
D:1:      nzn_arrival_settlement, layout_rooms,
          shapermc_ecumenical_altar_mp_ritualfount, skrybe_limestone_x,
          roderic_lattice_a, chequers_hall_statues_corner_a,
          minmay_rat_gold_closets
D:2:      layout_basic, minivault_27, uniq_natasha, uniq_terence
D:3:      layout_rooms, mainiacjoe_overflow_tiny_flanked, tso_altar,
          ebering_ghost_sewer_d, uniq_crazy_yiuf_cottage
D:4:      layout_loops_cross, eat_drink_and_be_merry_uskayaw, nrook_uturn,
          dk_noncrumbling_3, minivault_19, grunt_decor_clamped
D:5:      layout_rooms, tgw_sif, uniq_grinder, uniq_menkaure, uniq_pikel
D:6:      nicolae_cairo_tiling_large_dashed, layout_loops_ring,
          lemuel_coloured_pillars_altar, temple_doors_e,
          corexii_leaking_fountain, nicolae_concentric_dashed_squares_mild,
          chequers_serial_rivers_micro_c
D:7:      layout_rooms, minitemple
D:8:      layout_rooms, lair_entry_dummy, serial_curves, eino_curves_02,
          eino_curves_02, eino_curves_03, solitary_fountain,
          dreamdust_wishing_well
D:9:      layout_long_grid, erik_orc_1, kennysheep_generic_room_9
D:10:     layout_big_octagon, uniq_nergalle
D:11:     layout_basic, uniq_amaemon, uniq_josephine
D:12:     layout_basic
D:13:     nicolae_BIG_FREAKIN_CUBE, layout_gridville, serial_co_window_serial,
          co_window_corner_a, co_window_paths_b, co_window_corner_a,
          co_window_paths_a, co_window_paths_b, co_window_paths_a,
          co_window_corner_a, co_window_broadway_b, co_window_of_opportunity_b,
          co_window_corner_ca, co_window_broadway_b, co_window_corner_b,
          co_window_2corner, glass_columns_b, glass_columns_b,
          minmay_misc_feat_columns, uniq_snorg
D:14:     layout_basic, hellmonk_vaults_keyhole, serial_shops,
          nicolae_shop_getting_attention, nicolae_rejected_hall
D:15:     hangedman_depths_entry_civil_slaughter, layout_basic, basic_altar,
          dk_noncrumbling_4
Temple:   minmay_freezing_vapour_temple
Lair:1:   layout_cave_pods, grunt_megastairs_4, lemuel_fruit_fields
Lair:2:   layout_roguey, mainiacjoe_swamp_entry_angry_trees,
          portal_ice_cave_entry_ice_simulacra
Lair:3:   layout_long_grid, minmay_snake_entry_guardpost_medium,
          grunt_megastairs_2
Lair:4:   layout_long_grid, fungi_pond_lemuel, lemuel_fruit_tree
Lair:5:   grunt_lair_end_beastmaster, layout_small_grid, slime_entry_1
Swamp:1:  layout_basic_swamp, evilmike_swamp_ruin_house_3,
          infiniplex_staircase_pool
Swamp:2:  layout_basic_swamp, gammafunk_ghost_split, nicolae_swamp_triple_paths,
          swamp_pool_1_2, nicolae_swamp_little_tower,
          nicolae_swamp_wisp_ring_woods, uniq_donald, uniq_frances
Swamp:3:  layout_basic_swamp, gammafunk_ghost_arena, hangedman_swamp_diagram
Swamp:4:  swamp_basic_johnstein, layout_basic_swamp
Snake:1:  layout_rooms, serial_shops, shop, uniq_azrael, uniq_louise
Snake:2:  layout_rooms, minmay_shoptagon, uniq_mlioglotl
Snake:3:  layout_basic, serial_library_regret_index_turning
Snake:4:  johnstein_snake_rune_scales, layout_cave_town,
          nicolae_snake_slithery_hallway
Slime:1:  layout_caves, basic_altar
Slime:2:  layout_caves
Slime:3:  layout_caves
Slime:4:  cheibrodos_slime_lost_civilization_9, layout_caves
Slime:5:  slime_pit_nicolae_trefoil
Orc:1:    minmay_goldmine, layout_diamond_mine, gammafunk_ghost_necromancy,
          serial_shops, shop, uniq_erolcha, uniq_erica
Orc:2:    st_orc_town, layout_caves, serial_shops, shop,
          nicolae_shop_firing_range
Elf:1:    minmay_elf_arrival_summoners, layout_loops_cross, minivault_28,
          serial_sigils_hangedman_snap, einodemon_crawler_minivault,
          minmay_shop_grove, lemuel_upstairs_altar
Elf:2:    elven_hall_of_blades_hangedman_alternative
          [nicolae_blade_entry_splitting_headache], layout_rooms, serial_shops,
          shop, basic_altar, uniq_aizul
Elf:3:    minmay_elf_hall_hex, layout_gridlike, serial_shops,
          nicolae_shop_waterfront, shop, nicolae_shop_pleasant_corner_grove,
          uniq_zenata
Vaults:1: vaults_room_fours, nicolae_vaults_storage_closets_3,
          nicolae_vaults_c_with_doors, nicolae_vaults_taking_the_gang_shopping,
          vaults_standard_mumra_x, nicolae_vaults_six-pack,
          nicolae_vaults_trapezoid_lopsided_1, nicolae_vaults_oval_intersection,
          nicolae_vaults_offset_grid_hallway_3, nicolae_vaults_two_Ls,
          nicolae_vaults_sesquioval_fish, layout_vaults_omnigrid, uniq_boris
Vaults:2: kennysheep_ogre_elephant_herders, minmay_orc_keep,
          minmay_crypt_entry_simple_walls, v_pattern_5,
          ontoclasm_vaults_gateway, nicolae_vaults_cornered_office, v_misc_16,
          v_rooms_2, v_misc_13, vaults_standard_mumra_enter_the_diamond,
          nicolae_vaults_yaktaur_gun_rack, nicolae_vaults_offset_grid_hallway_1,
          v_alt_pattern_3, nicolae_vaults_oval_intersection, v_misc_17,
          layout_vaults_omnibox
Vaults:3: gammafunk_ghost_arena, nicolae_vaults_inception_corners,
          nicolae_vaults_sightless_eye, v_misc_25, v_pattern_1, serial_ice_m,
          ontoclasm_vaults_eye, hangedman_vaults_maws,
          nicolae_vaults_variable_pillar_hall, layout_vaults_big_room,
          serial_shops, shop, uniq_nikola, uniq_sojobo
Vaults:4: nicolae_vaults_wine_cellar, vaults_room_fancy_cross,
          nicolae_vaults_circle_grid_a, nicolae_vaults_storage_room_glass,
          ontoclasm_vaults_pinch, vaults_mumra_hexcomb, hangedman_vaults_nails,
          ontoclasm_vaults_ring_square, grunt_vaults_twisty,
          nicolae_vaults_cochlea, nicolae_vaults_little_squares_3,
          nicolae_vaults_trapezoid_1, v_misc_2, layout_vaults_ring
Crypt:1:  layout_basic, st_stairs_2, grunt_crypt_arrival_split,
          grunt_megastairs_5
Depths:1: layout_small_grid, abyss_entry, serial_glass, glass_columns_a,
          glass_columns_a, enter_trove_5, gammafunk_ghost_berserking_beasts,
          hell_entry, kennysheep_generic_room_2, uniq_norris
Depths:2: cross_vault, layout_basic, enter_ziggurat_c, abyss_entry_flame_altar,
          hell_entry, grunt_pan_entry_zigzag, minmay_parallelograms, hex_medium,
          amcnicky_mini_corridor_feature
Depths:3: kennysheep_cluttered_fort, layout_cave_pools, hangedman_coc_ice_floe,
          grunt_gozag_breadcrumbs, abyss_entry_small_statue_room,
          nicolae_letterblocks [nicolae_letter_subblock,
          nicolae_letter_subblock, nicolae_letter_subblock,
          nicolae_letter_subblock, nicolae_letter_subblock,
          nicolae_letter_subblock, nicolae_letter_subblock,
          nicolae_letter_subblock, nicolae_letter_subblock,
          nicolae_letter_subblock, nicolae_letter_subblock,
          nicolae_letter_subblock, nicolae_letter_subblock,
          nicolae_letter_subblock, nicolae_letter_subblock,
          nicolae_letter_subblock, nicolae_letter_subblock,
          nicolae_letter_subblock, nicolae_letter_subblock,
          nicolae_letter_subblock, nicolae_letter_subblock,
          nicolae_letter_subblock, nicolae_letter_subblock,
          nicolae_letter_subblock, nicolae_letter_subblock]
Depths:4: evilmike_zot_entry_basic, layout_honeycomb, hell_entry,
          serial_sigils_hangedman_snap, serial_bayou_shore_b, minmay_shop_star,
          uniq_mennas

Skill      XL: |  1  2  3  4  5  6  7  8  9 10 11 12 13 14 15 16 17 18 19 20 21 22 23 24 25 |
---------------+----------------------------------------------------------------------------+-----
Invocations    | 1 2 3 4 5 6 7 8 9 10 11 12 13 14 15 16 17 18 | 18.5
Short Blades   | 1 2 3 5 6 7 8 9 10 11 12 13 15 16 17 18 20 | 20.3
Long Blades    | 1 2 3 5 6 7 8 9 10 11 12 13 14 15 16 17 | 17.1
Axes           | 1 2 3 5 6 7 8 9 10 11 12 13 14 15 16 17 | 17.1
Maces & Flails | 1 2 3 5 6 7 8 9 10 11 12 13 14 15 16 17 | 17.1
Polearms       | 1 2 3 5 6 7 8 9 10 11 12 13 14 15 16 17 | 17.1
Staves         | 1 2 3 5 6 7 8 9 10 11 12 13 14 15 16 17 | 17.1
Ranged Weapons | 1 2 3 5 6 7 8 9 10 11 12 13 14 15 16 17 | 17.1
Throwing       | 1 2 3 5 6 7 8 9 10 11 12 13 14 15 16 17 | 17.1
Armour         | 1 2 3 5 6 7 8 9 10 11 12 13 14 15 16 17 | 17.1
Stealth        | 1 2 3 5 6 7 8 9 10 11 12 13 14 15 16 17 | 17.1
Shields        | 1 2 3 5 6 7 8 9 10 11 12 13 14 15 16 17 | 17.1
Spellcasting   | 1 2 3 5 6 7 8 9 10 11 12 13 14 15 16 17 | 17.1
Evocations     | 1 2 3 5 6 7 8 9 10 11 12 13 14 15 16 17 | 17.1
Conjurations   | 1 2 3 4 5 6 7 8 9 10 11 12 13 14 | 14.5
Hexes          | 1 2 3 4 5 6 7 8 9 10 11 12 13 14 | 14.5
Summonings     | 1 2 3 4 5 6 7 8 9 10 11 12 13 14 | 14.5
Necromancy     | 1 2 3 4 5 6 7 8 9 10 11 12 13 14 | 14.5
Translocations | 1 2 3 4 5 6 7 8 9 10 11 12 13 14 | 14.5
Fire Magic     | 1 2 3 4 5 6 7 8 9 10 11 12 13 14 | 14.5
Ice Magic      | 1 2 3 4 5 6 7 8 9 10 11 12 13 14 | 14.5
Air Magic      | 1 2 3 4 5 6 7 8 9 10 11 12 13 14 | 14.5
Earth Magic    | 1 2 3 4 5 6 7 8 9 10 11 12 13 14 | 14.5
Alchemy        | 1 2 3 4 5 6 7 8 9 10 11 12 13 14 | 14.5
Fighting       | 3 4 5 6 7 8 9 10 11 12 13 14 15 16 17 | 17.2
Dodging        | 5 6 7 8 9 10 11 12 13 14 15 17 18 19 20 | 20.7
Unarmed Combat | 7 8 9 10 11 12 13 14 15 16 17 18 | 18.1
Shapeshifting  | 7 8 9 10 11 12 13 14 15 16 | 16.9

Action                     |  1- 3 |  4- 6 |  7- 9 | 10-12 | 13-15 | 16-18 | 19-21 | 22-24 | 25-27 || total
---------------------------+-------+-------+-------+-------+-------+-------+-------+-------+-------++-------
  Melee: Unarmed           |    81 |   113 |   232 |   572 |    21 |   469 |   732 |  1188 |    52 ||  3460
         Bite              |     3 |    10 |    26 |    98 |   150 |   144 |   158 |   190 |    11 ||   790
         Maw               |       |       |       |     3 |   353 |   254 |   250 |   186 |       ||  1046
         War axe           |       |       |       |       |   845 |   348 |       |       |       ||  1193
         Tailslap          |       |       |       |       |       |    51 |    37 |   143 |     6 ||   237
         Punch             |       |       |       |       |       |    26 |    17 |    82 |     6 ||   131
  Throw: Throwing net      |       |       |     2 |       |       |       |       |       |       ||     2
         Javelin           |       |       |     2 |       |       |       |       |     5 |       ||     7
         Dart              |       |       |       |       |     2 |       |       |       |       ||     2
         Boomerang         |       |       |       |       |       |    27 |     7 |       |       ||    34
   Cast: Mephitic Cloud    |       |       |       |    18 |    85 |    37 |    15 |    32 |     2 ||   189
         Blink             |       |       |       |       |    12 |    10 |     3 |    26 |       ||    51
         Summon Ice Beast  |       |       |       |       |     8 |     9 |     9 |       |       ||    26
         Ignite Poison     |       |       |       |       |    24 |    13 |     2 |     1 |       ||    40
         Lesser Beckoning  |       |       |       |       |       |     2 |     1 |       |       ||     3
         Freezing Cloud    |       |       |       |       |       |    36 |   166 |   185 |    14 ||   401
         Summon Lightning  |       |       |       |       |       |    17 |    70 |    41 |     2 ||   130
         Summon Cactus Gia |       |       |       |       |       |       |     5 |    59 |     1 ||    65
         Dispersal         |       |       |       |       |       |       |     1 |     1 |       ||     2
         Vhi's Electric Ch |       |       |       |       |       |       |       |     7 |     3 ||    10
 Invoke: Purification      |       |       |     2 |       |     1 |     4 |       |       |       ||     7
         Heal Self         |       |       |     1 |     5 |     6 |    19 |    14 |    15 |     1 ||    61
         Heal Other        |       |       |       |     4 |    11 |     2 |       |       |       ||    17
Ability: Evoke Invisibilit |       |       |       |       |     1 |       |       |       |       ||     1
         Breathe Fire      |       |       |       |       |       |    44 |    19 |    19 |       ||    82
  Evoke: Wand              |       |       |    13 |     8 |     2 |    11 |       |     2 |       ||    36
         Lightning rod     |       |       |       |       |       |     3 |       |     3 |       ||     6
         Phial of floods   |       |       |       |       |       |       |     1 |       |       ||     1
    Use: Potion            |       |     1 |     3 |       |     1 |     6 |       |     8 |       ||    19
         Scroll            |       |       |    11 |     6 |    13 |    10 |       |    14 |     1 ||    55
   Stab: Held in net/web   |       |       |     1 |       |       |       |       |       |       ||     1
         Invisible         |       |       |     1 |     1 |     7 |       |       |       |       ||     9
         Sleeping          |       |       |       |     2 |    10 |     6 |    18 |    22 |       ||    58
         Confused          |       |       |       |    18 |    36 |    20 |     8 |    17 |     1 ||   100
         Distracted        |       |       |       |       |     3 |     2 |    11 |    10 |     1 ||    27
 Armour: Animal skin       |     2 |       |       |       |       |       |       |       |       ||     2
         Ring mail         |    33 |    59 |       |       |       |       |       |       |       ||    92
         Skin              |       |     6 |   103 |   229 |   365 |   655 |   445 |   897 |    54 ||  2754
         Scale mail        |       |       |    46 |       |       |       |       |       |       ||    46
         Chain mail        |       |       |    10 |       |       |       |       |       |       ||    10
  Dodge: Dodged            |    59 |    66 |   241 |   501 |   422 |   408 |   321 |   627 |    35 ||  2680
  Block: Buckler           |       |       |       |     5 |    56 |       |       |       |       ||    61
         Kite shield       |       |       |       |       |   459 |   383 |   427 |   340 |       ||  1609
         Other             |       |       |       |       |       |    25 |     1 |       |       ||    26
         Reflection        |       |       |       |       |       |     7 |    39 |     4 |       ||    50
   Form: Flux              |       |     1 |     2 |     4 |     2 |       |       |       |       ||     9
         Beast             |       |     1 |     1 |     1 |       |       |       |       |       ||     3
         Maw               |       |       |       |     3 |     3 |     2 |     1 |     1 |       ||    10
                           |       |       |       |     1 |       |     1 |       |       |       ||     2
         Dragon            |       |       |       |       |       |     3 |     1 |     1 |       ||     5
